 Dungeon Crawl Stone Soup version 0.31-a0-16-g6d2539766c (webtiles) character file.

Game seed: 7022300392908296076

13 Pooter the Chopper (level 2, -1/27 HPs)
             Began as a Hill Orc Monk on May 8, 2023.
             Slain by a gnoll
             ... wielding a +0 club
              (2 damage)
             ... on level 1 of the Dungeon.
             The game lasted 00:01:29 (336 turns).

Pooter the Chopper (Hill Orc Monk)                   Turns: 336, Time: 00:01:30

Health: -1/27      AC:  2    Str: 13    XL:     2   Next: 37%
Magic:  2/2        EV: 12    Int: 10    God:
Gold:   22         SH:  0    Dex: 13    Spells: 1/1 levels left

rFire   . . .        a - +0 hand axe
rCold   . . .        (no shield)
rNeg    . . .        b - +0 robe
rPois   .            (no helmet)
rElec   .            (no cloak)
rCorr   .            (no gloves)
SInv    .            (no boots)
Will    .....        (no amulet)
Stlth   ++           (no ring)
HPRegen 0.24/turn    (no ring)
MPRegen 0.08/turn

%: no passive effects
@: no status effects
A: no striking features
a: no special abilities


You were on level 1 of the Dungeon.
You visited 1 branch of the dungeon, and saw 1 of its levels.

You collected 22 gold pieces.

Inventory:

Hand Weapons
 a - a +0 hand axe (weapon)
Missiles
 Q - 7 stones (quivered)
Armour
 b - a +0 robe (worn)
 d - an orb of light
Potions
 c - a potion of ambrosia


   Skills:
 + Level 3.8 Fighting
 * Level 4.4 Axes
 - Level 2.4 Dodging
 * Level 1.0 Stealth


You had one spell level left.
You didn't know any spells.
Your spell library was empty.

Dungeon Overview and Level Annotations

Branches:
Dungeon (1/15)

Altars:

Annotations:
D:1 2 runed translucent doors


Message History

You kill the kobold!
The hobgoblin hits you.
You hit the hobgoblin.
You kill the hobgoblin!
You barely miss the hobgoblin. The hobgoblin barely misses you.
You hit the hobgoblin.
You kill the hobgoblin!
Q - 7 stones (gained 1)
Things that are here:
a +0 whip; a hobgoblin corpse
Found a short sword.
Found 7 stones.
A gnoll comes into view. It is wielding a +0 club.
You see here 7 stones.
A hobgoblin comes into view.
Found a robe.
A rat comes into view.
The hobgoblin shouts!
You barely miss the gnoll. The gnoll closely misses you.
You hit the gnoll. The gnoll completely misses you.
You closely miss the gnoll. The gnoll barely misses you.
You closely miss the gnoll.
A rat comes into view.
The gnoll hits you with a +0 club.
You closely miss the gnoll. You barely miss the hobgoblin.
The gnoll hits you with a +0 club. The hobgoblin misses you.
You slash the gnoll! You barely miss the hobgoblin.
The gnoll hits you with a +0 club. The hobgoblin hits you.
* * * LOW HITPOINT WARNING * * *
You closely miss the gnoll. You hit the hobgoblin. You hit the rat.
You kill the rat!
The gnoll closely misses you. The hobgoblin hits you.
* * * LOW HITPOINT WARNING * * *
You hit the gnoll. You hit the hobgoblin. The gnoll closely misses you.
The hobgoblin hits you.
* * * LOW HITPOINT WARNING * * *
You barely miss the gnoll. You hit the hobgoblin.
You kill the hobgoblin!
The gnoll barely misses you.
Your Stealth skill increases to level 1!
You closely miss the gnoll. The gnoll hits you with a +0 club.
* * * LOW HITPOINT WARNING * * *
Unknown command.
You barely miss the gnoll. You hit the rat but do no damage. The rat bites you.
* * * LOW HITPOINT WARNING * * *
The gnoll closely misses you.
Unknown command.
You barely miss the gnoll. You closely miss the rat. The rat barely misses you.
The gnoll hits you with a +0 club.
You die...

#. #####....##
.............#
#............#
#...####.....#
#.# #.....# .
#.....# ...
##....(#####....
#...............
#.......@r......
#.......†g......
#...............
#...............
#...............
#...............
+........[...###
............#


You could see a gnoll and a rat.

Vanquished Creatures
  A dart slug (D:1)
  A goblin (D:1)
  3 hobgoblins (D:1)
  A kobold (D:1)
  2 ball pythons (D:1)
  A frilled lizard (D:1)
  A rat (D:1)
10 creatures vanquished.

Notes
Turn   | Place    | Note
-------+----------+-------------------------------------------
     0 | D:1      | Pooter the Hill Orc Monk began the quest for the Orb.
     0 | D:1      | Reached XP level 1. HP: 19/19 MP: 1/1
   203 | D:1      | Found a large runed translucent door.
   203 | D:1      | Found a large runed translucent door.
   213 | D:1      | Reached XP level 2. HP: 27/27 MP: 2/2
   334 | D:1      | Reached skill level 1 in Stealth
   335 | D:1      | HP: 1/27 [rat (2)]
   336 | D:1      | Slain by a gnoll

Illustrated notes

Levels and vault maps discovered:
D:1:      erik_arrival_cave_to_civilisation [erik_arrival_cave_to_temple],
          layout_basic, minmay_ruptured

Skill      XL: |  1  2 |
---------------+-------+-----
Stealth        | 1 |  1.0
Fighting       | |  3.8
Axes           | |  4.4
Dodging        | |  2.4

Action                     || total
---------------------------++-------
  Melee: Hand axe          ||    34
 Armour: Robe              ||     3
  Dodge: Dodged            ||    25

Table legend: (Time is in decaauts)
 A = Elapsed time spent in this place.
 B = Non-inter-level travel time spent in this place.
 C = Inter-level travel time spent in this place.
 D = Time resting spent in this place.
 E = Time spent auto-exploring this place.
 F = Levels seen in this place.
 G = Mean time per level.
                   A        B        C        D        E       F      G
               +--------+--------+--------+--------+--------+-----+--------+
         Total |    338 |    338 |      0 |    135 |    136 |   1 |  338.0 |
       Dungeon |    338 |    338 |      0 |    135 |    136 |   1 |  338.0 |
               +--------+--------+--------+--------+--------+-----+--------+

Top non-repeatable levels by time:
     D:1: 338 daAuts
